 Dungeon Crawl Stone Soup version 0.16-a0-1009-g0339a9e (webtiles) character file.

45 JacquesDerrida the Cudgeler (level 3, -6/18 HPs)
             Began as a Vine Stalker Skald on Oct 3, 2014.
             Mangled by an ogre
             ... wielding a cursed -2 giant club
              (10 damage)
             ... on Level 4 of the Dungeon.
             The game lasted 00:03:31 (672 turns).

JacquesDerrida the Cudgeler (Vine Stalker Skald)     Turns: 672, Time: 00:03:31

HP  -6/18        AC  4     Str 14      XL: 3   Next: 64%
MP   0/7         EV 10     Int 16      God:
Gold 142         SH  0     Dex 13      Spells:  1 memorised,  5 levels left

rFire  . . .     SeeInvis .     a - +0 mace
rCold  . . .     Clarity  .     b - +0 leather armour
rNeg   . . .     rCorr    .     (no shield)
rPois  .         rRot     +     (no helmet)
rElec  .         Spirit   +     s - +0 cloak (curse)
SustAb .         Warding  .     (no gloves)
rMut   .         Stasis   .     (no boots)
Gourm  .                        (no amulet)
MR     .....                    (no ring)
                                k - +3 ring of intelligence

@: infused, not resistant to hostile enchantments, very unstealthy
A: fangs 2, regeneration 1, magic shield, antimagic bite, no device heal 3, rot
immunity
a: no special abilities


You were on level 4 of the Dungeon.
You were not hungry.

You visited 1 branch of the dungeon, and saw 4 of its levels.

You collected 142 gold pieces.

Inventory:

Hand weapons
 a - a +0 mace (weapon)
Armour
 b - a +0 leather armour (worn)
 s - a cursed +0 cloak (worn)
Comestibles
 d - a bread ration
 g - a meat ration
 i - 2 beef jerkies
Scrolls
 n - 2 scrolls of remove curse {unknown}
 o - a scroll of magic mapping {unknown}
 p - 2 scrolls of recharging {unknown}
 r - a scroll of blinking {unknown}
 t - a scroll of enchant armour {unknown}
 u - a scroll of fear {unknown}
 v - a scroll of enchant weapon {unknown}
Jewellery
 k - a +3 ring of intelligence (left hand)
Potions
 e - a potion of restore abilities {unknown}
 f - a potion of curing {unknown}
 h - a potion of mutation {unknown}
 j - 3 potions of haste {unknown}
 l - a potion of brilliance {unknown}
 m - a potion of degeneration {unknown}
 q - a potion of heal wounds {unknown}
Books
 c - a book of Battle

   Spells                             Type                      Level
   *Infusion                          Charms                       1
   Shroud of Golubria                 Charms/Translocation         2
   Song of Slaying                    Charms                       2
   Spectral Weapon                    Hexes/Charms                 3
   Regeneration                       Charms/Necromancy            3


   Skills:
 - Level 1.7 Fighting
 + Level 3.5 Maces & Flails
 - Level 0.7 Armour
 - Level 0.7 Dodging
 - Level 2.1 Spellcasting
 - Level 3.0 Charms


You had 5 spell levels left.
You knew the following spells:

 Your Spells              Type           Power        Failure   Level  Hunger
a - Infusion              Chrm           ##....       8%          1    #......


Dungeon Overview and Level Annotations

Branches:
Dungeon (4/15)
 Temple: D:4-7

Altars:
Cheibriados
Gozag


Innate Abilities, Weirdness & Mutations

You have extremely sharp teeth.
Your natural rate of healing is unusually fast.
When hurt, damage is shared between your health and your magic reserves.
Your bite disrupts and absorbs the magic of your enemies.
Potions and wands cannot restore your health.
You are immune to rotting.


Message History

The ogre is lightly wounded.
The ogre barely misses you.
You hit the ogre. Your bite misses the ogre.
The ogre is lightly wounded.
The ogre hits you with a giant club.
You hit the ogre! You bite the ogre. You drain its power.
You feel invigorated.
The ogre is heavily wounded.
The ogre hits you with a giant club!
You barely miss the ogre. You bite the ogre, but do no damage.
The ogre is heavily wounded.
The ogre completely misses you.
You hit the ogre. Your bite misses the ogre.
The ogre is heavily wounded.
The ogre hits you with a giant club!
* * * LOW HITPOINT WARNING * * *
You hit the ogre!
The ogre is almost dead.
The ogre hits you with a giant club!
Ouch! That really hurt!
You die...

..♣ P.⌠..PP....
....PPP...PP.....
#....♣.P.P.♣...#
#...♣♣P♣.♣♣P..#
#..♣......PP..# #
.####.............# ..
.(................### #.
#......O............###.
.#......@.........##..##.
..........##.......##.##.
.#.................##....
.........##.............
.#.##.#.####............
.. #.... #.....<.......
#..## #.<.....#.#... #.#
#.......#.#...
.[#............


You could see an ogre.

Vanquished Creatures
  An adder (D:2)
  A giant mite (D:4)
  A bat skeleton (D:4)
  2 giant cockroaches (D:4)
  5 goblins
  4 hobgoblins
  4 jackals (D:1)
  5 bats (D:1)
  A giant newt (D:1)
  2 kobolds (D:1)
  A rat (D:1)
27 creatures vanquished.

Notes
Turn   | Place    | Note
--------------------------------------------------------------
     0 | D:1      | JacquesDerrida, the Vine Stalker Skald, began the quest for the Orb.
     0 | D:1      | Reached XP level 1. HP: 11/11 MP: 3/3
    76 | D:1      | Reached XP level 2. HP: 15/15 MP: 5/5
   296 | D:2      | Found an opulent altar of Gozag.
   304 | D:2      | Reached XP level 3. HP: 13/18 MP: 5/7
   579 | D:3      | Found a snail-covered altar of Cheibriados.
   660 | D:4      | Noticed an ogre
   672 | D:4      | Mangled by an ogre

Action                   || total
-------------------------++-------
Melee: Mace              ||    76
 Cast: Infusion          ||     1
